AoeStats
← Erickinio

Arena

508080925Analyzed
4v4 RM · 11d ago on Sep 20, 2026· 75m 31s· 8 players
Game mode
Random Map
Map size
Large (8 player)
Population
200
Speed
Normal
Resources
Standard
Victory
Conquest
Starting age
Dark Age
Ending age
Imperial Age
RankedLock teamsTeams togetherTeam positionsShared explorationLock speedFull tech treeHidden civsTurbo modeCheats
Victory
Defeat
🇬🇧 Malians · United Kingdom
851
+13
🇫🇷 Vietnamese · France
795
+16
🇰🇿 Mongols · Kazakhstan
735
+18
🇹🇼 Bohemians · Taiwan
715
+19
🇵🇪 Ethiopians · Peru
863
-19
🇵🇹 Italians · Portugal
856
-19
🇦🇷 Celts · Argentina
811
-18
🇸🇰 Huns · Slovakia
611
-10
Françaisman
9:36 Feudal Age
10:11 Double-Bit Axe
11:06 Horse Collar
17:17 Castle Age
17:00 Stone Mining
18:59 Wheelbarrow
19:58 Heavy Plow
21:27 Fervor
26:04 Hand Cart
26:12 Hand Cart
29:33 Bow Saw
29:36 Gold Mining
30:26 Stone Shaft Mining
33:59 Imperial Age
31:42 Murder Holes
32:25 Gold Shaft Mining
32:40 Ballistics
32:13 Fletching
33:50 Caravan
34:20 Coinage
34:22 Loom
34:24 Town Watch
35:44 Chemistry
35:07 Nomads
35:50 Fortified Wall
35:56 Town Patrol
36:32 Drill
37:19 Elite Mangudai
38:22 Conscription
38:12 Man-at-Arms
38:12 Pikeman
38:52 Squires
38:37 Arson
39:06 Forging
38:56 Scale Mail Armor
39:01 Scale Barding Armor
38:51 Bodkin Arrow
38:56 Padded Archer Armor
39:05 Long Swordsman
40:00 Elite Steppe Lancer
40:41 Husbandry
40:52 Bloodlines
42:30 Banking
44:29 Two-Handed Swordsman
57:11 Light Cavalry
57:11 Cavalier
57:11 Heavy Camel Rider
58:52 Iron Casting
58:32 Chain Mail Armor
58:37 Chain Barding Armor
58:18 Bracer
58:33 Leather Archer Armor
62:21 Hussar
64:40 Blast Furnace
64:10 Plate Mail Armor
71:51 Onager
72:31 Onager
73:26 Capped Ram
73:26 Heavy Scorpion
73:54 Siege Onager
HORIZONUF
9:52 Feudal Age
17:34 Castle Age
17:05 Horse Collar
19:28 Heavy Plow
19:16 Double-Bit Axe
19:53 Gold Mining
20:42 Wheelbarrow
20:50 Stone Mining
20:52 Town Watch
23:36 Crossbowman
26:01 Stone Shaft Mining
26:58 Padded Archer Armor
27:28 Bow Saw
27:26 Fletching
30:16 Forging
32:16 Hand Cart
32:01 Town Patrol
32:08 Elite Skirmisher
32:53 Thumb Ring
33:07 Heated Shot
33:37 Ballistics
33:48 Caravan
33:57 Treadmill Crane
38:49 Imperial Age
36:16 Bodkin Arrow
36:37 Leather Archer Armor
36:41 Husbandry
36:53 Bloodlines
37:04 Chatras
38:48 Fortified Wall
38:47 Scale Barding Armor
39:17 Iron Casting
39:38 Bracer
40:08 Ring Archer Armor
39:02 Elite Battle Elephant
41:05 Chemistry
39:59 Light Cavalry
41:38 Imperial Skirmisher
44:07 Hoardings
44:27 Crop Rotation
45:18 Two-Man Saw
48:16 Scale Mail Armor
48:56 Arbalester
51:37 Elite Rattan Archer
51:48 Cavalier
55:58 Coinage
55:38 Guilds
56:08 Bombard Tower
57:03 Paper Money
56:18 Sappers
66:33 Siege Engineers
66:24 Murder Holes
66:57 Chain Mail Armor
67:03 Chain Barding Armor
Chris
11:14 Feudal Age
12:11 Double-Bit Axe
13:34 Wheelbarrow
18:00 Castle Age
15:46 Horse Collar
21:53 Heavy Plow
23:14 Bow Saw
24:31 Gold Mining
24:38 Stone Mining
26:19 Hand Cart
30:16 Stone Shaft Mining
31:52 Squires
31:38 Arson
33:06 Bloodlines
34:11 Town Watch
34:57 Husbandry
40:04 Imperial Age
40:13 Man-at-Arms
41:10 Forging
41:02 Scale Mail Armor
40:56 Treadmill Crane
40:59 Long Swordsman
42:53 Iron Casting
41:54 Two-Handed Swordsman
43:58 Crop Rotation
43:31 Champion
44:47 Chain Mail Armor
45:00 Conscription
46:06 Ballistics
46:47 Chemistry
47:28 Town Patrol
51:59 Fortified Wall
51:14 Pikeman
53:37 Murder Holes
57:25 Fletching
57:37 Padded Archer Armor
57:48 Elite Skirmisher
58:27 Imperial Skirmisher
59:52 Caravan
60:03 Bodkin Arrow
60:25 Leather Archer Armor
63:24 Loom
63:55 Pikeman
66:46 Ring Archer Armor
66:49 Farimba
67:57 Heavy Camel Rider
68:47 Cavalier
69:42 Scale Barding Armor
73:14 Chain Barding Armor
75:39 Plate Barding Armor
Test
0:46 Loom
10:16 Feudal Age
19:36 Castle Age
17:41 Double-Bit Axe
19:39 Horse Collar
24:43 Bow Saw
26:00 Pikeman
29:33 Squires
29:19 Arson
40:07 Imperial Age
38:23 Wheelbarrow
39:47 Elite Skirmisher
41:09 Hand Cart
42:45 Two-Man Saw
42:18 Halberdier
42:23 Imperial Skirmisher
45:11 Chemistry
44:31 Ballistics
46:54 Padded Archer Armor
46:45 Fletching
47:17 Scale Mail Armor
47:27 Forging
48:15 Chain Mail Armor
48:01 Town Watch
48:43 Town Patrol
49:49 Iron Casting
57:50 Padded Archer Armor
57:41 Fletching
62:51 Plate Mail Armor
65:53 Blast Furnace
66:41 Bodkin Arrow
70:52 Scale Barding Armor
73:38 Chain Barding Armor
72:44 Light Cavalry
hitmanvoodly
5:26 Loom
9:43 Feudal Age
10:16 Double-Bit Axe
10:14 Horse Collar
14:20 Wheelbarrow
17:51 Castle Age
17:10 Gold Mining
17:15 Stone Mining
18:49 Bow Saw
18:45 Heavy Plow
22:34 Hand Cart
25:39 Town Watch
27:38 Ballistics
32:42 Imperial Age
30:36 Padded Archer Armor
30:27 Fletching
32:21 Leather Archer Armor
32:02 Bodkin Arrow
33:50 Conscription
33:39 Thumb Ring
32:55 Elite Skirmisher
34:53 Chemistry
34:26 Ring Archer Armor
34:19 Bracer
35:20 Siege Engineers
36:33 Masonry
37:20 Husbandry
37:49 Scale Barding Armor
37:55 Forging
40:24 Two-Man Saw
40:18 Iron Casting
40:04 Chain Barding Armor
39:57 Heavy Camel Rider
45:38 Blast Furnace
48:15 Light Cavalry
54:08 Squires
Slopers
10:24 Feudal Age
12:28 Horse Collar
12:38 Double-Bit Axe
13:07 Gold Mining
18:51 Castle Age
18:33 Loom
20:14 Bow Saw
20:31 Heavy Plow
23:43 Pikeman
28:01 Forging
27:52 Scale Mail Armor
27:57 Scale Barding Armor
27:43 Fletching
27:54 Padded Archer Armor
28:19 Ballistics
29:30 Gold Shaft Mining
28:45 Stone Mining
30:34 Bloodlines
32:54 Iron Casting
32:34 Chain Mail Armor
32:39 Chain Barding Armor
32:02 Light Cavalry
33:08 Chain Barding Armor
33:11 Marauders
34:13 Man-at-Arms
38:28 Bodkin Arrow
38:48 Leather Archer Armor
41:05 Imperial Age
39:13 Wheelbarrow
38:26 Town Watch
42:04 Hand Cart
41:49 Town Patrol
44:20 Blast Furnace
43:56 Plate Barding Armor
45:49 Chemistry
44:56 Bracer
45:42 Atheism
44:43 Elite Tarkan
47:42 Elite Skirmisher
51:40 Parthian Tactics
50:37 Heavy Cavalry Archer
57:59 Husbandry
58:12 Thumb Ring
BarroZo
13:02 Feudal Age
14:05 Loom
14:24 Horse Collar
17:37 Castle Age
16:57 Double-Bit Axe
20:03 Heavy Plow
20:15 Bow Saw
25:52 Wheelbarrow
26:56 Padded Archer Armor
28:31 Leather Archer Armor
33:22 Imperial Age
30:47 Gold Mining
31:54 Hand Cart
31:29 Town Watch
34:02 Coinage
35:03 Chemistry
34:18 Pirotechnia
34:29 Conscription
34:45 Ring Archer Armor
35:24 Caravan
Erickinio
10:21 Feudal Age
10:54 Double-Bit Axe
10:59 Loom
18:15 Castle Age
18:11 Horse Collar
20:31 Bow Saw
24:24 Man-at-Arms
24:50 Gambesons
26:00 Heavy Plow
27:12 Wheelbarrow
26:32 Gambesons
27:18 Forging
27:10 Scale Mail Armor
28:40 Scale Mail Armor
28:20 Long Swordsman
28:57 Treadmill Crane
29:38 Stone Mining
29:43 Gold Mining
31:26 Iron Casting
30:57 Pikeman
32:21 Hand Cart
33:46 Gold Shaft Mining
33:46 Stone Shaft Mining
34:13 Arson
34:46 Chain Mail Armor
37:06 Imperial Age
34:52 Masonry
35:37 Stronghold
37:02 Murder Holes
38:33 Plate Mail Armor
38:36 Conscription
38:19 Heavy Scorpion
39:25 Two-Handed Swordsman
40:21 Halberdier
41:39 Furor Celtica
43:00 Blast Furnace
43:26 Siege Engineers
44:22 Chemistry
43:38 Champion
44:08 Elite Woad Raider
45:41 Fortified Wall
45:24 Fletching
45:34 Padded Archer Armor
46:38 Onager
48:21 Bodkin Arrow
48:42 Leather Archer Armor
59:18 Ring Archer Armor
58:54 Town Watch
61:57 Elite Skirmisher
Connection lost

Rejoining the realm…

Still unreachable

The connection could not be restored.

Session expired

The server has moved on; the page needs a fresh start.